 Dungeon Crawl Stone Soup version 0.27-a0-1438-g9b7c6745da (webtiles) character file.

Game seed: 13396996211750442075

70 Delamore the Skirmisher (level 4, -8/37 HPs)
             Began as a Formicid Fighter on July 4, 2021.
             Mangled by a worm (9 damage)
             ... on level 3 of the Dungeon.
             The game lasted 00:02:23 (2006 turns).

Delamore the Skirmisher (Formicid Fighter)          Turns: 2006, Time: 00:02:23

Health: -8/37      AC:  6    Str: 22    XL:     4   Next: 44%
Magic:  4/4        EV:  8    Int:  7    God:
Gold:   77         SH:  9    Dex: 10    Spells: 3/3 levels left

rFire    + . .     SeeInvis +   a - +0 quarterstaff
rCold    . . .     Faith    .   c - +0 kite shield
rNeg     . . .     Spirit   .   b - +0 scale mail
rPois    .         Reflect  .   (helmet unavailable)
rElec    .         Harm     .   (no cloak)
rCorr    .         Rampage  .   (no gloves)
Will     .....                  (no boots)
Stlth    ..........             (no amulet)
HPRegen  0.12/turn              f - ring of protection from fire
MPRegen  0.09/turn              (no ring)

@: very slow
A: permanent stasis, dig shafts and tunnels, antennae 3, four strong arms
a: Dig, Shaft Self


You were on level 3 of the Dungeon.
You visited 1 branch of the dungeon, and saw 3 of its levels.

You collected 119 gold pieces.
You spent 42 gold pieces at shops.

Inventory:

Hand Weapons
 a - a +0 quarterstaff (weapon)
Armour
 b - a +0 scale mail (worn)
 c - a +0 kite shield (worn)
Jewellery
 f - a ring of protection from fire (left hand)
 g - an amulet of faith
Scrolls
 h - 2 scrolls of identify
Potions
 d - 2 potions of might
 e - a potion of lignification
 j - a potion of heal wounds


   Skills:
 + Level 4.1 Fighting
 * Level 3.7 Staves
 - Level 3.2 Armour
 - Level 3.6 Shields


You had 3 spell levels left.
You didn't know any spells.
Your spell library contained the following spells:

 Spells                   Type           Power      Damage    Failure   Level
 Animate Dead             Necr           0%         N/A       100%        4
 Dispersal                Tloc           0%         N/A       100%        6
 Haunt                    Necr/Summ      0%         N/A       100%        7
 Disjunction              Tloc           0%         N/A       100%        8
 Infestation              Necr           0%         N/A       100%        8


Dungeon Overview and Level Annotations

Branches:
Dungeon (3/15)

Altars:

Shops:
D:1 :((*!


Innate Abilities, Weirdness & Mutations

You cannot be hasted, slowed, berserked, paralysed or teleported.
You can dig through walls and to a lower floor.
You have a pair of large antennae on your head. (SInv)
Your four strong arms can wield two-handed weapons with a shield.


Message History

You hear the rusting of a drain very nearby.
You see here a worm corpse.
A worm comes into view.
The worm moves out of view.
You start resting.
A worm is nearby!
A worm is nearby!
You hit the worm.
The worm is lightly wounded.
You barely miss the worm.
The worm is lightly wounded.
The worm bites you!
* * * LOW HITPOINT WARNING * * *
Your unstable footing causes you to fumble your attack.
The worm splashes around in the water.
Your unstable footing causes you to fumble your attack.
The worm splashes around in the water.
You hit the worm but do no damage.
Your unstable footing causes you to fumble your attack.
The worm bites you but does no damage.
You hit the worm.
The worm is lightly wounded.
You block the worm's attack.
You hit the worm.
The worm is heavily wounded.
You block the worm's attack.
You sock the worm!
The worm is severely wounded.
Your unstable footing causes you to fumble your attack.
The worm bites you but does no damage.
Your unstable footing causes you to fumble your attack.
The worm completely misses you.
Your unstable footing causes you to fumble your attack.
The worm bites you!
* * * LOW HITPOINT WARNING * * *
You barely miss the worm.
The worm is severely wounded.
Your unstable footing causes you to fumble your attack.
The worm bites you!
You die...

## { { ≈# . ≈# ##
#. ≈# { #. .#
####w#≈# #.##.#
#≈†@≈≈≈# ..#.#
#†##########.#.#
#≈≈≈≈≈≈≈≈≈...<.#
####≈#≈#≈≈...<.#
≈≈≈≈≈.≈(.....#
....≈..........#
#..........####.#
#.#.......## ...
#...#.##### ####


You could see a worm.

Vanquished Creatures
  3 adders
  2 worms (D:3)
  2 ball pythons (D:1)
  A bat (D:2)
  3 endoplasms (D:2)
  5 goblins
  4 hobgoblins
  4 jackals (D:2)
  A quokka (D:1)
  2 frilled lizards (D:1)
  3 kobolds (D:1)
  5 rats
35 creatures vanquished.

Vanquished Creatures (others)
  5 toadstools (D:1)
5 creatures vanquished.

Grand Total: 40 creatures vanquished

Notes
Turn   | Place    | Note
-------+----------+-------------------------------------------
     0 | D:1      | Delamore the Formicid Fighter began the quest for the Orb.
     0 | D:1      | Reached XP level 1. HP: 18/18 MP: 1/1
    23 | D:1      | Found Jyitrem's General Store.
    82 | D:1      | Found Onunohoa's Antique Weapon Shoppe.
   183 | D:1      | Reached XP level 2. HP: 24/24 MP: 2/2
   248 | D:1      | Found Ofrudd's Book Emporium.
   544 | D:1      | Found Didyutzici's Weapon Boutique.
   575 | D:1      | Found Poysm's Distillery.
   586 | D:1      | Bought a potion of curing for 42 gold pieces
   844 | D:2      | Reached XP level 3. HP: 27/30 MP: 3/3
  1514 | D:2      | Reached XP level 4. HP: 22/37 MP: 4/4
  1842 | D:3      | Reached skill level 4 in Fighting
  2004 | D:3      | HP: 1/37 [worm (7)]
  2006 | D:3      | Mangled by a worm

Illustrated notes

Levels and vault maps discovered:
D:1:      ldierk_walled_garden, layout_loops_cross, serial_shops, shop,
          shop_fountains, nicolae_shop_stone, nicolae_shop_crystal,
          nicolae_shop_trees, lemuel_old_faithful
D:2:      layout_loops_corners, hangedman_abyss_or_decor_stabs
D:3:      layout_basic, hellmonk_ecumenical_altar_lost_god,
          lightli_sewer_entry_pipes, hangedman_decor_push, feat_on_display

Skill      XL: |  1  2  3  4 |
---------------+-------------+-----
Staves         | 3 |  3.7
Fighting       | 4 |  4.1
Armour         | |  3.2
Shields        | |  3.6

Action                   |  1- 3 |  4- 6 || total
-------------------------+-------+-------++-------
Melee: Quarterstaff      |    92 |    65 ||   157
  Use: Scroll            |     1 |     1 ||     2
       Potion            |       |     1 ||     1
Armor: Scale mail        |    35 |    17 ||    52
Dodge: Dodged            |    27 |    15 ||    42
Block: Kite shield       |    44 |    28 ||    72

Table legend: (Time is in decaauts)
 A = Elapsed time spent in this place.
 B = Non-inter-level travel time spent in this place.
 C = Inter-level travel time spent in this place.
 D = Time resting spent in this place.
 E = Time spent auto-exploring this place.
 F = Levels seen in this place.
 G = Mean time per level.
                   A        B        C        D        E       F      G
               +--------+--------+--------+--------+--------+-----+--------+
         Total |   2062 |   2033 |     29 |    128 |   1561 |   3 |  687.3 |
       Dungeon |   2062 |   2033 |     29 |    128 |   1561 |   3 |  687.3 |
               +--------+--------+--------+--------+--------+-----+--------+

Top non-repeatable levels by time:
     D:2: 1097 daAuts
     D:1: 738 daAuts
     D:3: 226 daAuts
